Map: 서브머린 - 래더

Players

Solar - Winner!

  • Race: Zerg Zerg
  • Spawn Location: 5:00

PtitDrogo

  • Race: Protoss Protoss
  • Spawn Location: 11:00

Event: StayAtHome Story Cup #3

VOD

Have the link to the VOD?

Description

Time

  • Played on: March 11, 2021, 7:35 a.m.
  • Length: 12:36

All games in this series

Show
View Real Time Build Order
Export as new Build Order

Solar Zerg - Winner!

Build Orders: Hatch First 

Get SALT Encoding   

  12  0:01  Drone  
  13  0:12  Overlord  
  13  0:17  Drone  
  14  0:31  Drone x2  
  16  0:48  Hatchery  
  15  0:51  Drone  
  15  0:55  Drone  
  17  0:57  Drone  
  18  1:06  Extractor  
  17  1:14  Spawning Pool  
  17  1:18  Drone  
  17  1:20  Drone  
  18  1:28  Drone  
  19  1:39  Drone  
  20  1:51  Overlord  
  20  2:00  Queen  
  20  2:01  Queen, Zergling x2  
  24  2:02  Zergling x2  
  26  2:10  Metabolic Boost  
  26  2:12  Drone  
  26  2:14  Drone  
  29  2:22  Drone  
  29  2:23  Drone  
  30  2:36  Hatchery  
  29  2:38  Drone  
  30  2:45  Queen  
  30  2:49  Overlord  
  32  2:52  Drone  
  32  2:55  Zergling x2  
  32  2:58  Drone x2  
  36  3:08  Spore Crawler  
  36  3:12  Drone x6  
  41  3:16  Drone  
  42  3:20  Overlord  
  42  3:24  Queen  
  44  3:31  Overlord  
  44  3:40  Drone x3  
  47  3:41  Drone x2  
  49  3:48  Drone, Queen  
  49  3:52  Drone x2  
  49  3:54  Drone, Roach Warren  
  54  3:56  Zergling x2  
  54  3:58  Zergling x2  
  56  4:02  Overlord  
  56  4:03  Zergling x2  
  56  4:04  Zergling x2  
  56  4:09  Spine Crawler  
  57  4:12  Zergling x2  
  57  4:14  Overlord  
  57  4:16  Zergling x2  
  59  4:21  Zergling x2  
  59  4:22  Zergling x6, Spore Crawler  
  61  4:26  Overlord  
  61  4:30  Zergling x2  
  61  4:31  Zergling x2  
  63  4:34  Roach x3  
  63  4:36  Roach  
  71  4:39  Roach  
  71  4:40  Roach  
  71  4:41  Zergling x2  
  71  4:42  Zergling x2  
  77  4:50  Zergling x4  
  79  4:54  Roach x2  
  79  4:56  Zergling x6  
  79  4:58  Overlord  
  86  5:02  Drone x2  
  86  5:03  Drone  
  86  5:05  Overlord  
  89  5:07  Overlord  
  89  5:11  Extractor  
  89  5:13  Extractor, Overlord  
  87  5:14  Roach  
  87  5:15  Zergling x2  
  87  5:21  Roach x2  
  94  5:26  Zergling x2  
  94  5:27  Zergling x4  
  97  5:34  Drone x2  
  99  5:38  Roach  
  101  5:44  Drone x2  
  101  5:45  Drone x2  
  101  5:49  Zergling x4  
  105  5:52  Drone  
  105  5:54  Drone x2  
  105  5:55  Lair  
  103  5:57  Drone  
  103  5:58  Drone  
  103  5:59  Drone  
  100  6:06  Drone  
  100  6:07  Drone x2  
  100  6:08  Drone, Spore Crawler  
  100  6:09  Drone  
  102  6:12  Extractor  
  102  6:14  Extractor, Drone x4  
  97  6:19  Drone  
  97  6:20  Drone x2  
  97  6:21  Drone  
  97  6:22  Drone  
  97  6:23  Drone  
  101  6:31  Drone  
  102  6:33  Drone x2  
  102  6:38  Drone x3  
  102  6:39  Evolution Chamber  
  106  6:43  Zergling x8  
  106  6:45  Spore Crawler, Overlord  
  106  6:46  Zergling x2  
  110  6:48  Drone  
  110  6:50  Drone  
  110  6:51  Drone  
  110  6:53  Overseer  
  111  7:00  Drone  
  111  7:01  Drone  
  111  7:05  Zerg Missile Weapons Level 1  
  110  7:08  Roach  
  110  7:09  Roach x3  
  110  7:11  Overseer  
  110  7:15  Ravager x6  
  125  7:16  Ravager  
  125  7:17  Overlord  
  125  7:20  Overlord  
  125  7:25  Roach x2  
  125  7:26  Overlord  
  128  7:33  Overlord  
  128  7:40  Roach x3  
  128  7:41  Hatchery  
  128  7:42  Ravager x3  
  136  7:46  Overlord  
  136  7:51  Roach x3  
  142  7:52  Roach  
  142  7:53  Overlord  
  142  7:57  Roach x2  
  148  8:02  Roach x2  
  148  8:03  Overlord  
  148  8:05  Ravager x2  
  154  8:07  Zergling x4  
  154  8:11  Zergling x8  
  160  8:16  Roach x2  
  160  8:17  Roach  
  160  8:19  Ravager  
  166  8:21  Drone x2  
  166  8:22  Drone  
  166  8:25  Zergling x8  
  166  8:26  Overseer  
  173  8:30  Zergling x4  
  173  8:32  Ravager x2  
  176  8:34  Zergling x2  
  176  8:39  Zergling x8  
  175  8:43  Zergling x6  
  175  8:45  Baneling Nest  
  167  8:49  Zergling x6, Glial Reconstitution  
  167  8:51  Zergling x6  
  167  8:54  Zergling x2  
  167  9:02  Roach x4  
  167  9:03  Zergling x4  
  167  9:07  Roach x2  
  167  9:08  Zergling x2  
  162  9:12  Roach x2  
  162  9:16  Zergling x6  
  156  9:18  Drone  
  156  9:23  Ravager  
  142  9:24  Drone  
  142  9:25  Zergling x2  
  142  9:28  Drone, Zerg Melee Weapons Level 1  
  142  9:30  Drone  
  133  9:32  Zergling x6  
  133  9:35  Roach x2  
  135  9:39  Overlord  
  135  9:42  Drone  
  135  9:43  Centrifical Hooks, Overseer  
  136  9:47  Zergling x6  
  136  9:50  Ravager  
  136  9:51  Baneling x9  
  140  9:55  Zergling x8  
  144  10:00  Zergling x10  
  144  10:02  Zergling x2  
  144  10:05  Ravager  
  152  10:07  Zergling x4  
  152  10:12  Zergling x2, Overlord  
  152  10:13  Zergling x4  
  156  10:16  Zergling x2  
  156  10:18  Zergling x8  
  161  10:22  Zergling x8  
  161  10:24  Baneling x15  
  161  10:25  Baneling  
  161  10:27  Zergling x2  
  161  10:28  Zergling x6  
  168  10:30  Zergling x4  
  168  10:31  Zergling x2  
  168  10:35  Baneling x5  
  172  10:37  Zergling x6  
  172  10:38  Zergling x2  
  172  10:41  Zergling x6  
  179  10:47  Baneling  
  179  10:48  Baneling x6  
  179  10:49  Zergling x2  
  183  10:50  Zergling x6  
  183  10:53  Zergling x8  
  183  10:55  Zergling x2  
  183  10:56  Zergling x2  
  189  11:00  Overlord  
  189  11:01  Baneling x2  
  189  11:03  Zergling x6  
  192  11:04  Overlord  
  192  11:06  Zergling x4  
  182  11:11  Zergling x8  
  182  11:14  Zergling x2  
  177  11:21  Zergling x2  
  177  11:22  Zergling x4  
  177  11:24  Roach x4  
  159  11:28  Zergling x2  
  159  11:29  Zergling x6  
  159  11:30  Zergling x2  
  150  11:33  Ravager  
  150  11:34  Zergling x6  
  150  11:38  Zergling x4  
  143  11:41  Zergling x4  
  143  11:46  Roach x3  
  141  11:50  Drone x2  
  136  11:55  Drone x2  
  136  11:59  Zergling x10  
  138  12:06  Roach  
  138  12:07  Roach x2  
  138  12:08  Zergling x4  
  130  12:15  Hatchery, Zergling x4  
  128  12:16  Ravager  
Show
View Real Time Build Order
Export as new Build Order

PtitDrogo Protoss 

Build Orders: 1 Gate Expand, Mass Adepts 

Get SALT Encoding   

  12  0:00  Probe  
  13  0:13  Pylon  
  13  0:18  Probe  
  14  0:30  Probe (Chrono Boost)  
  15  0:36  Gateway  
  15  0:40  Probe (Chrono Boost)  
  16  0:45  Probe (Chrono Boost)  
  16  0:49  Assimilator  
  17  0:57  Probe  
  18  1:09  Probe  
  19  1:22  Probe  
  20  1:27  Nexus  
  20  1:37  Cybernetics Core  
  20  1:41  Probe  
  20  1:46  Assimilator  
  21  1:53  Probe  
  21  1:54  Pylon  
  22  2:05  Probe  
  23  2:10  Adept (Chrono Boost)  
  25  2:17  Probe  
  25  2:18  Warp Gate  
  26  2:26  Twilight Council  
  26  2:29  Probe (Chrono Boost)  
  27  2:34  Stalker  
  29  2:39  Probe (Chrono Boost)  
  29  2:41  Probe (Chrono Boost)  
  31  2:48  Probe (Chrono Boost)  
  31  2:49  Probe (Chrono Boost)  
  33  2:53  Probe (Chrono Boost)  
  33  2:55  Probe  
  33  2:56  Robotics Facility  
  35  3:08  Resonating Glaives  
  35  3:09  Probe x2  
  35  3:11  Gateway  
  37  3:21  Probe  
  37  3:22  Probe, Adept  
  41  3:28  Gateway  
  41  3:33  Gateway  
  41  3:37  Pylon  
  41  3:42  Warp Prism (Chrono Boost)  
  43  3:49  Probe  
  43  3:50  Probe  
  45  3:55  Pylon  
  45  4:01  Probe  
  46  4:03  Probe  
  46  4:06  Adept x2  
  51  4:12  Pylon  
  51  4:13  Probe  
  51  4:15  Probe  
  53  4:25  Adept  
  53  4:27  Adept x3  
  61  4:33  Probe x2  
  61  4:34  Pylon  
  61  4:35  Observer  
  61  4:36  Assimilator  
  64  4:44  Pylon  
  64  4:50  Adept  
  64  4:51  Adept x2  
  70  4:52  Adept  
  70  4:58  Pylon  
  72  5:05  Immortal (Chrono Boost)  
  72  5:11  Pylon  
  72  5:13  Assimilator  
  76  5:18  Adept x3  
  76  5:19  Adept  
  84  5:21  Probe  
  85  5:36  Immortal (Chrono Boost)  
  85  5:38  Probe x2  
  75  5:57  Probe  
  75  6:00  Probe, Adept x3  
  75  6:01  Adept  
  75  6:09  Probe  
  70  6:12  Probe  
  70  6:16  Immortal (Chrono Boost)  
  73  6:25  Sentry x4  
  75  6:30  Gateway  
  75  6:31  Gateway  
  79  6:33  Gateway  
  79  6:35  Gateway  
  79  6:54  Nexus  
  79  7:01  Pylon  
  79  7:02  Sentry  
  79  7:03  Sentry x2  
  79  7:04  Warp Prism (Chrono Boost)  
  81  7:09  Zealot  
  83  7:16  Pylon  
  83  7:27  Adept x4  
  83  7:28  Adept x2  
  95  7:33  Adept x2  
  99  7:37  Probe x2  
  99  7:43  Immortal (Chrono Boost)  
  101  7:48  Stalker x3  
  101  7:49  Probe  
  112  7:52  Shield Battery  
  112  7:55  Shield Battery  
  112  7:57  Shield Battery  
  112  7:58  Probe  
  113  8:01  Probe  
  114  8:10  Probe  
  115  8:15  Probe x2  
  115  8:17  Immortal  
  121  8:20  Robotics Bay  
  121  8:22  Probe  
  122  8:29  Adept x4  
  118  8:49  Adept x7  
  128  8:56  Adept  
  112  9:10  Adept x6  
  108  9:20  Zealot  
  102  9:27  Disruptor  
  102  9:31  Charge (Chrono Boost), Zealot x6  
  97  9:43  Gateway  
  97  9:45  Cybernetics Core  
  97  9:50  Zealot  
  97  9:52  Zealot x4, Assimilator  
  107  9:54  Assimilator  
  107  9:58  Templar Archives  
  107  10:00  Disruptor (Chrono Boost)  
  110  10:16  Zealot x6  
  122  10:22  Pylon  
  122  10:28  Templar Archives  
  122  10:33  Observer  
  125  10:39  High Templar  
  125  10:40  High Templar  
  125  10:41  High Templar  
  125  10:42  High Templar, Zealot x4  
  139  10:45  Archon x2  
  141  10:51  Disruptor  
  127  11:12  High Templar x4  
  127  11:13  Zealot x2  
  127  11:16  Archon  
  127  11:17  Archon  
  126  11:23  Zealot x2  
  102  11:26  Disruptor (Chrono Boost)  
  89  11:38  Zealot x2  
  89  11:44  Zealot x2  
  89  11:45  Zealot x2  
  89  11:46  Zealot x2  
  88  11:52  Disruptor (Chrono Boost)  
  85  11:59  Zealot x2  
  85  12:07  Zealot x6  
  70  12:22  Zealot x2  
Tags
 
Add a new tag
Caveats
  • Supply blocks, unpowered buildings, or Contaminate may cause inaccurate times.
  • Supply counts are checked every 10 seconds.